 Dungeon Crawl Stone Soup version 0.31.0-32-g396128a36d (webtiles) character file.

Game seed: 2757437860859215103

258 bearlyready the Cleaver (level 6, -5/51 HPs)
             Began as a Hill Orc Berserker on Mar 29, 2024.
             Was a Believer of Trog.
             Slain by a gnoll bouda
             ... wielding a +0 club
              (8 damage)
             ... on level 4 of the Dungeon.
             The game lasted 00:03:35 (2805 turns).

bearlyready the Cleaver (Hill Orc Berserker)        Turns: 2805, Time: 00:03:35

Health: -5/51      AC:  7    Str: 22    XL:     6   Next: 16%
Magic:  15/15      EV: 11    Int:  7    God:    Trog [**....]
Gold:   177        SH:  0    Dex: 10    Spells: 5/5 levels left

rFire   . . .        s - +0 war axe
rCold   . . .        (no shield)
rNeg    . . .        d - +0 ring mail
rPois   .            g - +0 helmet
rElec   .            (no cloak)
rCorr   .            (no gloves)
SInv    .            m - +0 pair of boots
Will    .....        (no amulet) Stlth
                     u - ring of magical power
HPRegen 0.28/turn    (no ring)
MPRegen 0.14/turn

%: no passive effects
@: weakened, on berserk cooldown, slowed, invisible, very slow
A: no striking features
a: Renounce Religion, Berserk, Trog's Hand


You were on level 4 of the Dungeon.
You worshipped Trog.
Trog was pleased with you.
You visited 1 branch of the dungeon, and saw 4 of its levels.

You collected 177 gold pieces.

Inventory:

Hand Weapons
 a - a +0 hand axe
 k - a +0 arbalest
 s - a +0 war axe (weapon)
Missiles
 t - 6 poisoned darts (quivered)
 v - 2 boomerangs
Armour
 d - a +0 ring mail (worn)
 g - a +0 helmet (worn)
 m - a +0 pair of boots (worn)
Jewellery
 u - a ring of magical power (left hand)
Wands
 n - a wand of polymorph (12)
 p - a wand of light (12)
Scrolls
 e - 3 scrolls of teleportation {unknown}
 f - 3 scrolls of identify {unknown}
 h - a scroll of enchant armour {unknown}
 o - a scroll of summoning {unknown}
 r - a scroll of fog {unknown}
 w - a scroll of silence {unknown}
Potions
 b - a potion of lignification {unknown}
 c - 2 potions of haste {unknown}
 i - a potion of brilliance {unknown}
 j - a potion of invisibility
 l - a potion of curing {unknown}
 q - a potion of degeneration {unknown}


   Skills:
 - Level 3.6 Fighting
 + Level 8.9 Axes
 - Level 2.1 Armour
 - Level 1.5 Dodging


You had 5 spell levels left.
You didn't know any spells.
Your spell library was empty.

Dungeon Overview and Level Annotations

Branches:
Dungeon (4/15)
 Temple: D:4-7

Altars:

Annotations:
D:2 1 runed translucent door, Crazy Yiuf


Message History

You hit the gnoll.
The gnoll is heavily wounded.
You hit the gnoll.
The gnoll bouda gazes fiercely through you!
You feel your attacks grow feeble.
You barely miss the gnoll.
The gnoll is lightly wounded.
You slash the gnoll bouda! The gnoll hits you with a +0 club.
You closely miss the gnoll.
The gnoll is lightly wounded.
You hit the gnoll bouda. The gnoll hits you with a +0 club!
* * * LOW HITPOINT WARNING * * *
You hit the gnoll.
The gnoll is severely wounded.
You barely miss the gnoll bouda.
The gnoll is no longer moving quickly.
The gnoll bouda calls upon its god to heal the gnoll.
The gnoll is healed somewhat.
The gnoll hits you but does no damage.
You hit the gnoll.
The gnoll is heavily wounded.
You hit the gnoll bouda.
The gnoll bouda calls upon its god to heal the gnoll.
The gnoll is healed somewhat.
You slash the gnoll!
You kill the gnoll!
Trog accepts your kill.
You completely miss the gnoll bouda.
You are no longer berserk.
You are exhausted.
You feel yourself slow down.
The gnoll bouda gazes fiercely through you!
You feel as though you will be weak longer.
The gnoll bouda misses you. The gnoll barely misses you.
The gnoll hits you with a +0 flail!
* * * LOW HITPOINT WARNING * * *
Items here: )) ††.
Okay, then.
It was a potion of invisibility.
You fade into invisibility!
The gnoll bouda hits you with a +0 club!
You die...

#.# #.#.
#......#...# ...
#.#.###.####...#.#
#.#
#..#....#####.##.#
#.####......# ..
#)# #.###### ###
#.# #.# #)# ..#
#.##.### #@g..#
.......gg..#
.#...####..# ##.
#..# # ..# .# .#


You could see a gnoll bouda (unable to see you) and 2 gnolls.

Vanquished Creatures
  An ogre (D:3)
  An orc wizard (D:4)
  6 gnolls (D:4)
  3 adders
  A dart slug (D:3)
  A ribbon worm (D:2)
  7 orcs
  4 endoplasms
  4 giant cockroaches
  4 hobgoblins
  4 jackals (D:2)
  4 ball pythons
  3 bats
  2 frilled lizards
  5 goblins
  3 kobolds
  7 rats
60 creatures vanquished.

Notes
Turn   | Place    | Note
-------+----------+-------------------------------------------
     0 | D:1      | bearlyready the Hill Orc Berserker began the quest for the
                  | Orb.
     0 | D:1      | Reached XP level 1. HP: 19/19 MP: 1/1
   496 | D:1      | Reached XP level 2. HP: 26/26 MP: 2/2
   649 | D:1      | Found a faded altar of an unknown god.
   655 | D:1      | Reached skill level 5 in Axes
   911 | D:2      | Reached XP level 3. HP: 31/31 MP: 3/3
  1030 | D:2      | Reached ** piety under Trog
  1334 | D:2      | Found a runed translucent door.
  1335 | D:2      | Noticed Crazy Yiuf
  1398 | D:2      | Reached skill level 6 in Axes
  1885 | D:3      | Reached XP level 4. HP: 37/39 MP: 4/4
  2005 | D:3      | Noticed an ogre
  2010 | D:3      | Killed an ogre
  2011 | D:3      | Reached skill level 7 in Axes
  2011 | D:3      | Reached XP level 5. HP: 45/45 MP: 5/5
  2615 | D:4      | Reached skill level 8 in Axes
  2788 | D:4      | Reached XP level 6. HP: 50/51 MP: 6/6
  2805 | D:4      | Slain by a gnoll bouda

Illustrated notes

Levels and vault maps discovered:
D:1:      minmay_arrival_doors, layout_loops_ring,
          hellmonk_ecumenical_altar_arch_garden, chequers_serial_rivers_large_b
D:2:      layout_loops_corners, uniq_crazy_yiuf_cottage
D:3:      layout_loops_cross
D:4:      layout_loops_ring, good_gods_temple_1, serial_park_tiny_2

Skill      XL: |  1  2  3  4  5 |
---------------+----------------+-----
Axes           | 5 6 7 8 |  8.9
Fighting       | |  3.6
Armour         | |  2.1
Dodging        | |  1.5

Action                     |  1- 3 |  4- 6 || total
---------------------------+-------+-------++-------
  Melee: Hand axe          |   124 |    26 ||   150
         War axe           |       |    50 ||    50
 Invoke: Berserk           |       |     2 ||     2
    Use: Potion            |       |     1 ||     1
 Armour: Ring mail         |    54 |    52 ||   106
  Dodge: Dodged            |    81 |    49 ||   130
